AoeStats
← kkkg

Fortress

508323540Analyzed
2v2 RM · 11d ago on Sep 21, 2026· 70m 0s· 4 players
Game mode
Random Map
Map size
Normal (6 player)
Population
200
Speed
Normal
Resources
Standard
Victory
Conquest
Starting age
Dark Age
Ending age
Imperial Age
RankedLock teamsTeams togetherTeam positionsShared explorationLock speedFull tech treeHidden civsTurbo modeCheats
Victory
Defeat
🇺🇸 Magyars · United States
1071
+12
🇺🇸 Romans · United States
928
+18
🇨🇳 Bohemians · China
988
-15
🇨🇳 Persians · China
981
-15
猫咪先生
0:33 Loom
7:56 Feudal Age
8:16 Double-Bit Axe
8:19 Horse Collar
14:33 Castle Age
13:27 Scale Barding Armor
17:13 Chain Barding Armor
19:36 Forging
20:00 Bow Saw
21:43 Wheelbarrow
22:22 Heavy Plow
22:47 Kamandaran
26:02 Hand Cart
25:35 Town Watch
30:24 Imperial Age
27:27 Crossbowman
30:58 Thumb Ring
32:10 Crop Rotation
31:08 Elite War Elephant
32:10 Conscription
33:05 Padded Archer Armor
32:55 Fletching
38:55 Bodkin Arrow
39:17 Leather Archer Armor
39:38 Plate Barding Armor
41:52 Ballistics
41:24 Heated Shot
42:36 Chemistry
44:38 Gambesons
44:53 Squires
44:39 Arson
44:16 Pikeman
46:09 Citadels
47:17 Ring Archer Armor
47:23 Iron Casting
46:50 Scale Mail Armor
47:55 Two-Man Saw
47:35 Halberdier
57:58 Blast Furnace
57:15 Chain Mail Armor
57:18 Elite Skirmisher
59:53 Masonry
kkkg
7:26 Feudal Age
8:12 Double-Bit Axe
10:57 Horse Collar
14:09 Castle Age
14:39 Wheelbarrow
17:04 Bow Saw
16:58 Heavy Plow
20:55 Hand Cart
27:12 Imperial Age
24:35 Town Watch
25:43 Loom
26:52 Town Patrol
29:01 Chemistry
28:22 Ballistics
28:08 Siege Engineers
27:44 Treadmill Crane
29:12 Padded Archer Armor
29:02 Fletching
29:38 Conscription
29:25 Wagenburg Tactics
28:43 Elite Hussite Wagon
30:11 Masonry
30:36 Bodkin Arrow
30:57 Leather Archer Armor
32:49 Two-Man Saw
32:49 Bracer
33:20 Ring Archer Armor
32:54 Scale Mail Armor
33:06 Forging
34:30 Caravan
40:23 Houfnice
47:50 Architecture
47:41 Bombard Tower
49:18 Scale Barding Armor
49:48 Iron Casting
49:29 Chain Mail Armor
62:27 Fervor
65:08 Husbandry
64:29 Cavalier
66:21 Elite Skirmisher
67:37 Light Cavalry
MountainControl
8:11 Feudal Age
11:59 Castle Age
10:02 Double-Bit Axe
10:12 Horse Collar
13:53 Loom
15:33 Bow Saw
16:34 Heavy Plow
18:52 Wheelbarrow
19:49 Hand Cart
19:22 Loom
21:48 Caravan
21:55 Pikeman
23:22 Scale Mail Armor
26:41 Corvinian Army
27:06 Scale Barding Armor
27:06 Town Watch
34:07 Imperial Age
32:04 Chain Barding Armor
33:33 Fletching
33:59 Chain Mail Armor
34:14 Bloodlines
34:04 Husbandry
35:21 Conscription
36:00 Conscription
35:00 Elite Magyar Huszar
36:40 Plate Barding Armor
37:21 Parthian Tactics
37:20 Bodkin Arrow
37:42 Recurve Bow
37:04 Heavy Cavalry Archer
37:48 Padded Archer Armor
38:55 Stone Mining
38:55 Gold Mining
39:54 Ballistics
40:34 Chemistry
39:42 Siege Engineers
39:48 Masonry
39:22 Treadmill Crane
39:39 Murder Holes
40:07 Bracer
40:53 Thumb Ring
42:17 Halberdier
43:46 Leather Archer Armor
44:04 Fervor
44:15 Sanctity
44:14 Block Printing
45:42 Hoardings
50:05 Ring Archer Armor
58:37 Devotion
DJBreezy1013
8:09 Feudal Age
9:35 Loom
13:57 Castle Age
11:49 Horse Collar
11:57 Double-Bit Axe
12:04 Stone Mining
12:06 Gold Mining
12:57 Scale Mail Armor
12:27 Man-at-Arms
21:51 Long Swordsman
25:28 Chain Mail Armor
25:23 Forging
26:35 Wheelbarrow
27:47 Bow Saw
28:09 Heavy Plow
31:33 Imperial Age
30:31 Squires
31:14 Iron Casting
30:44 Scale Barding Armor
31:18 Gold Shaft Mining
31:09 Ballistics
30:46 Murder Holes
31:44 Ballistas
32:42 Hand Cart
33:11 Elite Centurion
34:01 Legionary
36:01 Heavy Scorpion
40:17 Comitatenses
41:46 Blast Furnace
43:49 Siege Engineers
43:55 Masonry
49:17 Architecture
49:01 Fortified Wall
51:37 Husbandry
51:47 Bloodlines
53:05 Crop Rotation
Connection lost

Rejoining the realm…

Still unreachable

The connection could not be restored.

Session expired

The server has moved on; the page needs a fresh start.